 Dungeon Crawl Stone Soup version 0.27-a0-780-geb8d7bc690 (webtiles) character file.

Game seed: 15178913537426414724

160 Glokmah the Magician (level 5, 0/38 HPs)
             Began as a Djinni Fire Elementalist on Mar 26, 2021.
             Slain by Crazy Yiuf
             ... wielding a +2 quarterstaff of chaos
              (8 damage)
             ... on level 2 of the Dungeon.
             The game lasted 00:06:03 (3015 turns).

Glokmah the Magician (Djinni Fire Elementalist)     Turns: 3015, Time: 00:06:04

Health: 0/38       AC:  3    Str:  7      XL:     5   Next: 41%
Gold:   106        EV: 16    Int: 15 (18) God:
                   SH:  0    Dex: 10 (13)

rFire    + + .     SeeInvis .   f - +0 hand axe
rCold    x . .     Faith    .   (no shield)
rNeg     . . .     Spirit   .   a - +0 robe
rPois    ∞         Reflect  .   d - +0 helmet
rElec    .         Harm     .   (no cloak)
rCorr    .         Rampage  .   (no gloves)
Will     .....                  (boots unavailable)
Stlth    ++........             (no amulet)
HPRegen  0.12/turn              k - +4 ring of evasion
MPRegen  0.00/turn              (no ring)

@: flying, slowed, very slow
A: fire resistance 2, cold vulnerability 1, float, innate caster, hp casting,
extra vitality 1
a: no special abilities


You were on level 2 of the Dungeon.
You visited 1 branch of the dungeon, and saw 2 of its levels.

You collected 106 gold pieces.

Inventory:

Hand Weapons
 f - a +0 hand axe (weapon)
Missiles
 b - 95 stones
 e - 6 poisoned darts (quivered)
Armour
 a - a +0 robe (worn)
 d - a +0 helmet (worn)
 m - a +0 leather armour
Jewellery
 k - a +4 ring of evasion (right hand)
 l - an amulet of magic regeneration
Scrolls
 g - a scroll of magic mapping
 h - a scroll of identify {unknown}
 i - a scroll of fear {unknown}
 j - a scroll of summoning {unknown}
 n - a scroll of noise {unknown}


   Skills:
 + Level 1.9 Fighting
 + Level 1.9 Armour
 + Level 3.2 Dodging
 - Level 1.5 Stealth
 * Level 3.8 Spellcasting


You couldn't memorise any spells.
You knew the following spells:

 Your Spells              Type           Power      Damage    Failure   Level
a - Foxfire               Conj/Fire      56%        2x1d6     3%          1
b - Conjure Flame         Conj/Fire      14%        6-21      12%         3
c - Inner Flame           Hex/Fire       14%        N/A       12%         3
d - Sticky Flame          Conj/Fire      14%        2d4       36%         4
e - Fireball              Conj/Fire      7%         3d5       71%         5
f - Corona                Hex            15%        N/A       3%          1
g - Slow                  Hex            14%        N/A       6%          2
Your spell library was empty.

Dungeon Overview and Level Annotations

Branches:
Dungeon (2/15)

Altars:
The Shining One

Annotations:
D:2 Crazy Yiuf


Innate Abilities, Weirdness & Mutations

You are immune to poison.
Your flesh is very heat resistant. (rF++)
You are vulnerable to cold. (rC-)
You float through the air rather than walking.
You learn spells naturally, not from books.
Your magical power is your life essence.
You have superior vitality. (+4 HP)


Message History

You reach down and open the door.
Found a glowing golden altar of the Shining One.
There is an open door here.
There is a glowing golden altar of the Shining One here.
You hover solemnly before the altar of the Shining One.
There is an open door here.
You now have 106 gold pieces (gained 13).
You see here a +0 club.
There is a stone staircase leading up here.
You see here a +0 whip.
There is a stone staircase leading down here.
You reach down and open the door.
Casting: Foxfire (safe; 3% risk of failure)
Confirm with . or Enter, or press ? or * to list all spells.
Aiming: Inner Flame (dangerous; 12% risk of failure)
Press: ? - help, Shift-Dir - straight line, f - Crazy Yiuf
Aim: Crazy Yiuf, wielding a +2 quarterstaff of chaos and wearing a +0 cloak (chance to affect: 76%) Nothing appears to happen.
Crazy Yiuf yells, "Line!"
Crazy Yiuf hits you with a +2 quarterstaff of chaos!
Casting: Inner Flame (dangerous; 12% risk of failure)
Confirm with . or Enter, or press ? or * to list all spells.
Aiming: Inner Flame (dangerous; 12% risk of failure)
Press: ? - help, Shift-Dir - straight line, f - Crazy Yiuf
Aim: Crazy Yiuf, wielding a +2 quarterstaff of chaos and wearing a +0 cloak (chance to affect: 76%) Crazy Yiuf is filled with an inner flame.
Crazy Yiuf hits you with a +2 quarterstaff of chaos!
* * * LOW HITPOINT WARNING * * *
You feel yourself slow down.
Blink to where?
Press: ? - help, Dir - move target, p - Crazy Yiuf
As you read the scroll labelled YJONEIRPH WAMNI, it crumbles to dust.
It was a scroll of blinking.
Throw: 7 darts (poison)
Press: ? - help, Q - select action, (/) - cycle Shift-Dir - straight line, f - Crazy Yiuf
Aim: Crazy Yiuf, wielding a +2 quarterstaff of chaos and wearing a +0 cloak (inner flame, 58% to hit)
You throw a poisoned dart. The poisoned dart hits Crazy Yiuf.
Crazy Yiuf misses you.
Crazy Yiuf hits you with a +2 quarterstaff of chaos!
You die...

#.#####.....##.....#
#.# #
#.##############_###
#.# # ............#
### ###.### #
#.#.###############
#.....# # .........#
##....######.#.#.# #
#.#.####.#
#......>.......#.# #
....## #.#
#....###########.# #
#....# #.# #....#
#.# ####.# #.#
#...@# ##.## #.# #.#
##..g# #...### #.#
#.# ##.##
#####...... #.###.#
##.# ####..........
####.##..# #.##
#....#########
.........# ##.#
###### #..
#######.## #.##
#########.# #.#
*#'#* #..........
#.# *...*
#.######..#


You could see Crazy Yiuf (inner flame).

Vanquished Creatures
  Natasha (thrice) (D:2)
  Terence (D:2)
  2 adders (D:2)
  A worm (D:2)
  2 dart slugs (D:1)
  3 bats
  5 endoplasms
  A giant cockroach (D:1)
  3 goblins
  A hobgoblin (D:1)
  A kobold (D:2)
  A quokka (D:1)
  5 ball pythons
  6 frilled lizards
  4 rats (D:1)
39 creatures vanquished.

Vanquished Creatures (others)
  105 foxfires
105 creatures vanquished.

Grand Total: 144 creatures vanquished

Notes
Turn   | Place    | Note
-------+----------+-------------------------------------------
     0 | D:1      | Glokmah the Djinni Fire Elementalist began the quest for
                  | the Orb.
     0 | D:1      | Reached XP level 1. HP: 15/15 MP: 0/0
   660 | D:1      | Reached XP level 2. HP: 21/22 MP: 0/0
  1254 | D:1      | Reached XP level 3. HP: 23/26 MP: 0/0
  1254 | D:1      | Learned a level 1 spell: Corona
  1395 | D:1      | Reached skill level 1 in Armour
  1583 | D:2      | Reached skill level 1 in Fighting
  1721 | D:2      | Noticed Natasha
  1726 | D:2      | Killed Natasha
  1727 | D:2      | Reached XP level 4. HP: 26/32 MP: 0/0
  1837 | D:2      | Noticed Natasha
  1843 | D:2      | Killed Natasha
  1975 | D:2      | Noticed Natasha
  2019 | D:2      | Killed Natasha
  2020 | D:2      | Reached XP level 5. HP: 11/38 MP: 0/0
  2020 | D:2      | Learned a level 2 spell: Slow
  2306 | D:2      | Noticed Terence
  2317 | D:2      | Killed Terence
  2697 | D:2      | Found a runed translucent door.
  2748 | D:2      | Found a glowing golden altar of the Shining One.
  3003 | D:2      | Noticed Crazy Yiuf
  3015 | D:2      | Slain by Crazy Yiuf

Illustrated notes

Levels and vault maps discovered:
D:1:      tarquinn_simple_flora_water_c, layout_basic
D:2:      layout_loops_ring, tso_altar, serial_glass, glass_columns_a,
          glass_columns_a, glass_columns_a, glass_columns_b, glass_columns_c,
          glass_columns_a, glass_columns_a, glass_columns_b, glass_columns_a,
          glass_columns_c, glass_columns_a, glass_columns_b, glass_columns_a,
          glass_columns_a, minmay_misc_feat_four_crosses,
          uniq_crazy_yiuf_cottage, uniq_terence, uniq_natasha

Skill      XL: |  1  2  3  4 |
---------------+-------------+-----
Spellcasting   | 3 |  3.8
Armour         | 1 |  1.9
Fighting       | 1 |  1.9
Dodging        | 3 |  3.2
Stealth        | |  1.5

Action                   |  1- 3 |  4- 6 || total
-------------------------+-------+-------++-------
Melee: Unarmed           |     4 |       ||     4
       Hand axe          |    31 |    14 ||    45
Throw: Dart              |       |     9 ||     9
 Cast: Foxfire           |    42 |    26 ||    68
       Inner Flame       |       |     6 ||     6
       Sticky Flame      |       |     1 ||     1
  Use: Potion            |       |     3 ||     3
       Scroll            |       |     2 ||     2
 Stab: Sleeping          |     2 |       ||     2
Armor: Robe              |     7 |     7 ||    14
Dodge: Dodged            |    41 |    40 ||    81

Table legend: (Time is in decaauts)
 A = Elapsed time spent in this place.
 B = Non-inter-level travel time spent in this place.
 C = Inter-level travel time spent in this place.
 D = Time resting spent in this place.
 E = Time spent auto-exploring this place.
 F = Levels seen in this place.
 G = Mean time per level.
                   A        B        C        D        E       F      G
               +--------+--------+--------+--------+--------+-----+--------+
         Total |   3030 |   2920 |    110 |    582 |   1740 |   2 | 1515.0 |
       Dungeon |   3030 |   2920 |    110 |    582 |   1740 |   2 | 1515.0 |
               +--------+--------+--------+--------+--------+-----+--------+

Top non-repeatable levels by time:
     D:1: 1568 daAuts
     D:2: 1461 daAuts
